Map: Waterfall

Players

Fohnzii

  • Race: Zerg Zerg
  • League: Diamond
  • Spawn Location: 1:00

stimpack - Winner!

  • Race: Terran Terran
  • League: Platinum
  • Spawn Location: 7:00

VOD

Have the link to the VOD?

Description

Time

  • Played on: Nov. 29, 2022, 11:41 a.m.
  • Length: 20:56
Show
View Real Time Build Order
Export as new Build Order

Fohnzii Zerg 

Build Orders: Pool First, Lurkers 

Get SALT Encoding   

  12  0:00  Drone  
  13  0:08  Drone  
  14  0:16  Overlord  
  14  0:36  Drone x3  
  17  0:45  Spawning Pool  
  17  0:47  Drone  
  17  1:10  Hatchery  
  16  1:14  Drone  
  16  1:17  Extractor  
  16  1:18  Drone  
  17  1:29  Drone  
  18  1:33  Queen  
  18  1:35  Zergling x2  
  21  1:43  Zergling x2  
  22  1:51  Overlord  
  22  2:03  Overlord  
  22  2:12  Queen  
  22  2:14  Drone  
  25  2:22  Queen  
  27  2:24  Drone  
  27  2:28  Drone  
  29  2:31  Metabolic Boost  
  29  2:42  Drone x2  
  29  2:44  Drone  
  30  2:55  Drone x4  
  34  3:00  Overlord  
  34  3:05  Drone  
  35  3:08  Drone  
  36  3:22  Hatchery  
  35  3:28  Drone x3  
  38  3:38  Extractor, Drone x4  
  38  3:39  Drone  
  38  3:41  Drone  
  43  3:51  Overlord  
  43  3:55  Overlord  
  43  4:04  Queen, Roach Warren  
  43  4:06  Evolution Chamber  
  43  4:08  Evolution Chamber  
  42  4:10  Drone x3  
  45  4:19  Queen  
  45  4:20  Drone x2  
  49  4:25  Zergling x4  
  49  4:26  Zergling x2  
  52  4:32  Drone x4  
  56  4:39  Zerg Melee Weapons Level 1  
  56  4:41  Zerg Ground Armor Level 1  
  56  4:52  Overlord  
  56  4:55  Roach x4  
  64  5:03  Lair  
  64  5:06  Spore Crawler  
  63  5:07  Spore Crawler  
  63  5:11  Drone  
  63  5:12  Extractor, Drone x4  
  63  5:13  Extractor  
  65  5:19  Drone x4  
  69  5:21  Overlord  
  69  5:33  Drone x5  
  74  5:35  Overlord  
  74  5:36  Overlord  
  73  5:48  Zergling x12  
  73  5:49  Zergling x2  
  80  5:53  Spore Crawler  
  79  5:58  Zergling x12  
  85  6:09  Roach x5  
  85  6:10  Roach  
  97  6:16  Drone  
  98  6:22  Overlord x2  
  98  6:33  Overlord x2  
  98  6:36  Zerg Ground Armor Level 2  
  98  6:37  Zerg Missile Weapons Level 1  
  98  6:42  Roach x3  
  98  6:43  Roach x3  
  98  6:46  Drone x2  
  98  6:47  Drone x2  
  110  7:05  Spore Crawler  
  107  7:21  Roach x7  
  107  7:22  Roach x4  
  129  7:26  Hydralisk Den  
  129  7:27  Overlord x3  
  127  7:44  Overlord x3  
  127  7:45  Overlord  
  127  7:48  Drone  
  127  7:49  Extractor, Drone x4  
  127  7:50  Drone x6  
  137  8:03  Extractor, Drone x2  
  137  8:04  Extractor, Drone x2  
  137  8:05  Overlord  
  139  8:14  Pneumatized Carapace  
  139  8:16  Overlord x2  
  139  8:18  Hydralisk x6  
  151  8:21  Grooved Spines  
  151  8:22  Glial Reconstitution  
  151  8:48  Hatchery  
  150  8:50  Hydralisk  
  150  8:51  Hydralisk  
  150  8:52  Hydralisk x7  
  168  9:00  Zerg Missile Weapons Level 2  
  168  9:13  Roach x7  
  182  9:19  Queen x3  
  183  9:28  Zerg Melee Weapons Level 2  
  172  9:42  Drone x4  
  172  9:43  Drone x3  
  179  9:46  Muscular Augments  
  179  9:47  Zergling x14  
  186  10:02  Spine Crawler x2  
  184  10:07  Spore Crawler  
  184  10:11  Spine Crawler  
  184  10:13  Drone x5  
  184  10:14  Drone x5  
  192  10:27  Infestation Pit  
  191  10:28  Lurker Den  
  191  10:33  Hydralisk x5  
  200  10:40  Extractor, Drone  
  200  10:41  Extractor, Drone  
  200  10:48  Spore Crawler  
  200  10:49  Spine Crawler x2  
  197  10:51  Spine Crawler, Drone x4  
  200  11:10  Overlord  
  200  11:25  Hive  
  121  12:01  Hydralisk x13  
  121  12:02  Hydralisk x12  
  135  12:18  Roach x9  
  153  12:23  Drone x4  
  153  12:29  Lurker  
  160  12:30  Lurker x5  
  160  12:34  Hydralisk  
  165  12:47  Zerg Missile Weapons Level 3  
  165  12:50  Zerg Ground Armor Level 3  
  165  12:51  Spire  
  165  12:56  Drone x5  
  165  12:58  Drone  
  170  13:04  Viper  
  170  13:05  Viper  
  176  13:09  Viper  
  179  13:20  Roach x8  
  195  13:30  Drone x4  
  191  13:43  Hatchery  
  152  14:24  Hydralisk x14  
  152  14:25  Hydralisk x5  
  194  14:38  Zergling x8  
  191  14:46  Queen  
  193  14:55  Queen  
  98  15:29  Hatchery  
  98  15:33  Roach x9  
  115  15:55  Hatchery  
  114  16:07  Roach x5  
  108  16:40  Roach x4  
  108  16:41  Roach x4  
  84  16:58  Roach x6  
  96  17:07  Zergling x6  
  99  17:12  Hydralisk  
  101  17:31  Hydralisk x6  
  113  17:52  Lurker Den  
  113  17:54  Drone x10  
  113  17:55  Drone x5  
  117  18:28  Ravager  
  117  18:32  Hatchery, Hydralisk x4  
  117  18:33  Hydralisk x5  
  135  18:37  Queen  
  135  18:41  Overlord  
  137  18:46  Zergling x8  
  141  18:54  Lurker  
  141  18:55  Lurker x5  
  147  19:18  Viper x2  
  147  19:19  Viper x2  
  159  19:26  Hatchery  
  119  20:00  Hydralisk x14  
  147  20:12  Lurker x4  
  147  20:13  Lurker x5  
  156  20:23  Zergling x4  
  156  20:24  Zergling x10  
Show
View Real Time Build Order
Export as new Build Order

stimpack Terran - Winner!

Build Orders:  

Get SALT Encoding   

  12  0:00  SCV  
  13  0:12  SCV  
  14  0:19  Supply Depot  
  14  0:26  SCV  
  15  0:41  SCV  
  15  0:42  Barracks  
  16  0:53  SCV  
  17  1:05  SCV  
  18  1:17  SCV  
  19  1:29  SCV  
  20  1:33  Command Center  
  20  1:34  Marine  
  21  1:45  Bunker  
  21  1:46  Orbital Command  
  21  1:50  Refinery  
  21  1:52  Marine  
  22  1:57  Refinery  
  22  2:10  Marine  
  23  2:27  Supply Depot  
  23  2:28  Supply Depot  
  23  2:42  Barracks  
  23  2:44  SCV, Marine  
  23  2:49  Orbital Command  
  25  2:53  Supply Depot  
  25  2:57  SCV  
  26  3:03  Factory  
  26  3:14  Barracks Tech Lab  
  26  3:15  SCV  
  26  3:18  Barracks  
  26  3:19  SCV  
  28  3:26  Supply Depot  
  28  3:31  Barracks Reactor  
  28  3:32  SCV  
  28  3:33  SCV  
  30  3:44  Stimpack, SCV  
  30  3:45  SCV  
  32  3:52  Marine  
  33  3:57  SCV x2  
  33  3:59  Engineering Bay  
  35  4:09  Starport, SCV  
  37  4:10  Factory Reactor, SCV  
  37  4:14  Barracks Reactor  
  37  4:18  Marine x3  
  37  4:21  SCV  
  41  4:29  Missile Turret  
  41  4:31  Missile Turret  
  41  4:32  SCV  
  41  4:35  SCV  
  41  4:36  Marine  
  44  4:46  Supply Depot  
  44  4:47  Supply Depot  
  44  4:56  SCV x2  
  44  4:59  Factory Tech Lab  
  46  5:00  Medivac x2  
  46  5:03  Terran Infantry Weapons Level 1  
  46  5:04  Marine x2  
  46  5:06  Marine  
  53  5:08  SCV x2  
  53  5:12  Marine x2  
  57  5:20  SCV x2, Refinery  
  59  5:23  Refinery  
  59  5:26  Missile Turret  
  59  5:32  SCV x2  
  61  5:36  Marine  
  61  5:39  Missile Turret  
  61  5:40  Missile Turret  
  61  5:41  Missile Turret  
  62  5:44  Combat Shield, SCV  
  62  5:45  SCV, Marine x3  
  67  5:56  Marine x2  
  69  6:03  Marine x2  
  71  6:07  Marine  
  71  6:09  SCV x2  
  71  6:10  Medivac  
  71  6:11  Medivac  
  78  6:14  Marine x2  
  78  6:17  Engineering Bay  
  80  6:21  Armory, SCV x2  
  82  6:25  Supply Depot  
  82  6:30  Supply Depot  
  82  6:31  Marine x2  
  84  6:37  Supply Depot  
  84  6:40  Marine  
  84  6:41  Marine  
  86  6:47  Siege Tank  
  82  7:17  Marauder, Marine x4  
  82  7:19  Medivac x2  
  92  7:35  Marine  
  92  7:38  Marauder  
  94  7:48  Marine  
  94  7:49  Marine x2  
  96  7:58  Command Center  
  96  7:59  Marauder  
  96  8:00  Command Center  
  96  8:01  Marine  
  96  8:02  Barracks  
  96  8:03  Terran Infantry Weapons Level 2  
  99  8:06  Marine  
  99  8:07  Marine  
  101  8:13  Terran Vehicle Weapons Level 1  
  101  8:19  Terran Infantry Armor Level 1, Marine  
  102  8:20  Marine x2  
  102  8:24  Marine  
  105  8:29  SCV  
  105  8:30  SCV  
  105  8:31  Barracks  
  105  8:33  Medivac  
  109  8:34  Barracks x2  
  109  8:42  SCV  
  110  8:49  Barracks  
  110  8:57  Medivac, Marine x5  
  110  8:58  Supply Depot  
  110  9:01  Supply Depot  
  117  9:03  Supply Depot  
  117  9:04  SCV x2  
  117  9:05  Supply Depot  
  117  9:08  Barracks Reactor  
  117  9:09  Supply Depot  
  119  9:14  Marine x2  
  119  9:16  SCV  
  104  9:39  Marauder  
  104  9:40  Barracks Tech Lab, Barracks Reactor  
  104  9:41  Barracks Reactor  
  104  9:42  Marine x4  
  104  9:44  Medivac x2  
  114  9:52  Siege Tank  
  117  9:59  Marine  
  117  10:05  Marine  
  117  10:06  Marauder x2, Marine x4  
  127  10:11  Marine  
  128  10:14  Medivac x2  
  128  10:17  Marine  
  128  10:19  SCV x2  
  135  10:23  Marine x2  
  135  10:24  Siege Tank  
  135  10:27  Marauder x2  
  144  10:31  SCV  
  144  10:34  Missile Turret  
  145  10:38  Missile Turret  
  145  10:45  Planetary Fortress  
  145  10:46  Marine  
  145  10:48  Marauder  
  145  10:49  Marauder  
  150  10:56  Terran Infantry Weapons Level 3  
  150  11:10  Marauder  
  146  11:11  Marauder, Marine x2  
  146  11:12  Planetary Fortress  
  146  11:17  Terran Infantry Armor Level 2  
  148  11:27  Marine x3  
  148  11:28  Marine x2  
  148  11:31  Marauder  
  155  11:33  Marauder  
  155  11:39  Missile Turret  
  157  11:41  Supply Depot  
  157  11:42  Supply Depot  
  157  11:43  Supply Depot  
  157  11:47  Marine, Refinery  
  157  11:51  Refinery  
  157  11:52  Marauder  
  155  11:59  Marauder, Marine  
  131  12:11  Marine x2  
  131  12:14  Marauder  
  135  12:20  Marauder  
  137  12:24  Marine x2  
  137  12:25  Marine x5  
  144  12:35  Marauder  
  146  12:40  Terran Vehicle Weapons Level 2  
  146  12:42  Marauder  
  146  12:43  Siege Tank  
  151  12:47  Medivac x2  
  151  12:48  Marine x10  
  151  12:49  Marine  
  166  12:57  Marauder  
  168  13:03  Marauder  
  170  13:05  Marine  
  170  13:06  Marine x4  
  175  13:15  Siege Tank  
  175  13:18  Marauder  
  180  13:23  Marine x2  
  180  13:24  Marine x2  
  180  13:25  Marauder, Marine x7  
  196  13:28  Medivac x2  
  197  13:39  Marauder  
  197  13:41  Marine x2  
  194  13:42  Marine x8  
  194  13:46  Marauder  
  185  14:01  Marauder  
  150  14:25  Marauder x2, Marine x11  
  165  14:42  Medivac x2, Marine  
  165  14:43  Marine x3  
  159  14:46  Marauder x2  
  148  15:07  Marauder  
  148  15:12  Marauder, Medivac x2, Marine  
  148  15:13  Marine x10  
  121  15:29  Marauder  
  121  15:30  Marine  
  121  15:31  Marine x4  
  121  15:32  Marine x3  
  121  15:34  Marauder  
  133  15:36  Terran Infantry Armor Level 3  
  133  15:39  Siege Tank  
  133  15:42  Medivac x2  
  140  15:50  Marauder  
  140  15:51  Marine  
  140  15:52  Marine x8  
  140  15:55  Marauder  
  153  16:10  Marine  
  153  16:11  Siege Tank  
  157  16:12  Marauder  
  126  16:22  Sensor Tower  
  121  16:26  Marauder, Marine  
  121  16:27  Marine  
  123  16:33  Marauder  
  117  16:47  Marauder  
  117  16:48  Marine  
  117  16:54  Marauder  
  119  17:09  Marauder  
  121  17:15  Marine  
  121  17:16  Marauder, Marine x3  
  127  17:29  Marine  
  128  17:30  Marauder  
  130  17:37  Marauder  
  130  17:40  Orbital Command  
  132  17:54  Marauder, Marine x4  
  132  17:55  Marine x4  
  140  18:33  Marauder, Marine x2  
  140  18:34  Marauder, Marine x2  
  148  18:43  Command Center  
  148  18:53  Missile Turret  
  148  18:57  Missile Turret  
  148  19:14  Sensor Tower  
  148  19:20  Marauder x2, Sensor Tower, Marine  
  148  19:21  Marine x10  
  163  19:38  Marine  
  163  19:39  Marine  
  163  19:42  Marauder x2  
  145  19:56  Marine  
  145  19:57  Marine x5  
  145  19:58  SCV x2  
  152  20:03  Marauder x2  
  156  20:09  Marine x4  
  156  20:10  SCV x2, Marine  
  163  20:14  Marine x2  
  163  20:15  Marine x3  
  168  20:24  Marauder  
Tags
 
Composition
Lurkers
Matchup
TvZ
Opening
Pool First
Spawn Locations
Cross Positions
Add a new tag
Caveats
  • Supply blocks, unpowered buildings, or Contaminate may cause inaccurate times.
  • Supply counts are checked every 10 seconds.